 Dungeon Crawl Stone Soup version 0.28-a0-909-g796cbd3a86 (webtiles) character file.

Game seed: 4034505497939022037

827 octoduck the Caller (level 7, -8/56 HPs)
             Began as a Hill Orc Summoner on Nov 24, 2021.
             Was an Initiate of Okawaru.
             Mangled by an ogre (16 damage)
             ... on level 5 of the Dungeon.
             The game lasted 00:14:13 (7153 turns).

octoduck the Caller (Hill Orc Summoner)             Turns: 7153, Time: 00:14:13

Health: -8/56      AC:  6    Str: 12    XL:     7   Next: 97%
Magic:  9/9        EV: 11    Int: 16    God:    Okawaru [......]
Gold:   182        SH:  0    Dex: 11    Spells: 3/9 levels left

rFire   . . .      SeeInvis .   b - +0 hand axe
rCold   . . .      Faith    .   (no shield)
rNeg    . . .      Spirit   .   c - +3 leather armour
rPois   +          Reflect  .   (no helmet)
rElec   .          Harm     .   i - scarf {repulsion}
rCorr   .          Rampage  .   (no gloves)
Will    .....                   (no boots)
Stlth   +.........              (no amulet)
HPRegen 0.18/turn               e - ring of poison resistance
MPRegen 0.11/turn               (no ring)

@: repel missiles
A: no striking features
a: Renounce Religion


You were on level 5 of the Dungeon.
You worshipped Okawaru.
Okawaru was noncommittal.
You visited 2 branches of the dungeon, and saw 6 of its levels.

You collected 182 gold pieces.

Inventory:

Hand Weapons
 b - a +0 hand axe (weapon)
 g - a +0 war axe
Armour
 c - a +3 leather armour (worn)
 d - the +3 leather armour of Dithmenos's Envy {rF- Slay+2 SInv}
   (You found it on level 5 of the Dungeon)

   Slay:      It affects your accuracy & damage with ranged weapons and melee
   (+2).
   rF:        It makes you vulnerable to fire.
   SInv:      It lets you see invisible.
 i - a scarf of repulsion (worn)
Jewellery
 e - a ring of poison resistance (left hand)
Wands
 k - a wand of paralysis (15)
Scrolls
 l - a scroll of teleportation
 o - a scroll of identify
Potions
 a - 2 potions of heal wounds
 f - a potion of berserk rage {unknown}
 h - a potion of cancellation {unknown}
 j - a potion of haste {unknown}
 m - 2 potions of lignification {unknown}
 n - a potion of invisibility {unknown}


   Skills:
 - Level 2.8 Fighting
 + Level 6.3 Axes
 - Level 1.5 Dodging
 - Level 1.5 Stealth
 - Level 1.5 Spellcasting
 + Level 7.7 Summonings


You had 3 spell levels left.
You knew the following spells:

 Your Spells              Type           Power      Damage    Failure   Level
a - Summon Small Mammal   Summ           100%       N/A       1%          1
b - Call Imp              Summ           25%        N/A       1%          2
c - Call Canine Familiar  Summ           25%        N/A       3%          3

Your spell library contained the following spells:

 Spells                   Type           Power      Damage    Failure   Level
 Summon Guardian Golem    Hex/Summ       Unusable   N/A       N/A         3
 Summon Lightning Spire   Summ/Air       Unusable   N/A       N/A         4

Dungeon Overview and Level Annotations

Branches:
Dungeon (5/15)             Temple (1/1) D:5

Altars:
Hepliaklqana
Kikubaaqudgha
Makhleb
Okawaru
Sif Muna
Trog
Wu Jian

Shops:
D:1 (

Annotations:
D:5 Prince Ribbit


Message History

Found an ornate altar of the Wu Jian Council and a bloodstained altar of Trog.
Found a shimmering blue altar of Sif Muna.
Found an iron altar of Okawaru and an ancient bone altar of Kikubaaqudgha.
Found a hazy altar of Hepliaklqana.
Found a burning altar of Makhleb.
There is an iron altar of Okawaru here.
There is an iron altar of Okawaru here.
You kneel at the altar of Okawaru.
Okawaru welcomes you!
There is a staircase back to the Dungeon here.
You climb upwards.
Welcome back to the Dungeon!
Level annotation: Prince Ribbit
There is a staircase to the Ecumenical Temple here.
An ogre comes into view. It is wielding a +0 giant club.
Casting: Call Imp (safe; 1% risk of failure)
Confirm with . or Enter, or press ? or * to list all spells.
You cannot coerce anything to answer your summons.
Casting: Call Imp (safe; 1% risk of failure)
Confirm with . or Enter, or press ? or * to list all spells.
You cannot coerce anything to answer your summons.
Casting: Call Imp (safe; 1% risk of failure)
Confirm with . or Enter, or press ? or * to list all spells.
You cannot coerce anything to answer your summons.
The ogre shouts!
The ogre hits you with a +0 giant club. The ogre hits you with a +0 giant club.
The ogre closely misses you. The ogre hits you with a +0 giant club.
The ogre barely misses you. The ogre barely misses you.
The ogre closely misses you. The ogre barely misses you.
The ogre closely misses you.
The ogre hits you with a +0 giant club!!
The ogre barely misses you. The ogre hits you with a +0 giant club!
* * * LOW HITPOINT WARNING * * *
The ogre misses you. The ogre hits you with a +0 giant club!
You die...

...... ......# .......
....... .......##
........# ........#
........## ##.....@.#
#.....O.#
#.......###############
#......................
#.....#....############
#......#.####
#........# #.......##
###...# #####


You could see an ogre.

Vanquished Creatures
  An ogre (D:5)
  A scorpion zombie (D:5)
  An orc wizard (D:4)
  A hound skeleton (D:4)
  2 adders
  A dart slug (D:2)
  7 orcs
  3 bats
  5 endoplasms
  3 giant cockroaches
  4 goblins
  2 hobgoblins
  4 jackals (D:3)
  4 ball pythons
  2 frilled lizards (D:2)
  A rat (D:1)
42 creatures vanquished.

Vanquished Creatures (collateral kills)
  A black bear (D:4)
  3 ogres
  A water moccasin skeleton (D:5)
  An orc priest (D:4)
  A bullfrog skeleton (D:3)
  An iguana (D:4)
  An orc wizard (D:4)
  3 adders
  3 gnolls (D:2)
  An ufetubus (D:4)
  2 worms
  A dart slug (D:1)
  4 orcs
  A ball python (D:2)
  4 endoplasms
  3 hobgoblins
  2 jackals (D:3)
  3 quokkas
  2 bats
  A frilled lizard (D:1)
  4 goblins
  A kobold (D:2)
  2 rats (D:1)
46 creatures vanquished.

Grand Total: 88 creatures vanquished

Notes
Turn   | Place    | Note
-------+----------+-------------------------------------------
     0 | D:1      | octoduck the Hill Orc Summoner began the quest for the Orb.
     0 | D:1      | Reached XP level 1. HP: 14/14 MP: 3/3
   197 | D:1      | Reached XP level 2. HP: 18/22 MP: 2/4
   263 | D:1      | Reached skill level 1 in Fighting
  1051 | D:1      | Reached XP level 3. HP: 28/28 MP: 3/5
  1292 | D:1      | Found a faded altar of an unknown god.
  1316 | D:1      | Found Hiotus's Antique Weapon Boutique.
  1390 | D:1      | Learned a level 2 spell: Call Imp
  1885 | D:2      | Reached skill level 5 in Summonings
  2661 | D:1      | Reached XP level 4. HP: 32/36 MP: 3/6
  3742 | D:2      | Reached XP level 5. HP: 40/44 MP: 5/7
  4398 | D:3      | Reached skill level 1 in Axes
  4564 | D:3      | Learned a level 3 spell: Call Canine Familiar
  4677 | D:4      | Reached skill level 6 in Summonings
  4703 | D:4      | Noticed an ogre
  5138 | D:4      | Reached XP level 6. HP: 47/50 MP: 5/8
  5232 | D:4      | Noticed a black bear
  5642 | D:4      | Killed a black bear
  5742 | D:4      | Reached XP level 7. HP: 56/56 MP: 3/9
  6296 | D:4      | Reached skill level 5 in Axes
  6296 | D:4      | Reached skill level 7 in Summonings
  6378 | D:5      | Entered Level 5 of the Dungeon
  6821 | D:5      | Identified the +3 leather armour of Dithmenos's Envy {rF-
                  | Slay+2 SInv}
  6853 | D:5      | Noticed Prince Ribbit
  7049 | D:5      | Found a staircase to the Ecumenical Temple.
  7056 | Temple   | Entered the Ecumenical Temple
  7083 | Temple   | Became a worshipper of Warmaster Okawaru
  7153 | D:5      | Mangled by an ogre

Illustrated notes

Levels and vault maps discovered:
D:1:      lightli_arrival_noodles, layout_rooms,
          chequers_ecumenical_altar_lobes, serial_shops, shop,
          minmay_door_square, corner_web_ring, minmay_pentomino_w4
D:2:      layout_basic, wad_orctagon
D:3:      layout_basic
D:4:      layout_basic
D:5:      layout_cave_pods, minmay_temple_entry_statues_pillars, serial_rivers,
          chequers_serial_rivers_micro_a, chequers_serial_rivers_micro_e,
          chequers_serial_rivers_micro_b, chequers_serial_rivers_room_b,
          chequers_serial_rivers_small_3, chequers_serial_rivers_room_a,
          uniq_prince_ribbit1
Temple:   eino_temple_water

Skill      XL: |  1  2  3  4  5  6  7 |
---------------+----------------------+-----
Fighting       | 1 2 |  2.8
Summonings     | 5 6 7 |  7.7
Axes           | 2 4 6 |  6.3
Dodging        | |  1.5
Stealth        | |  1.5
Spellcasting   | |  1.5

Action                   |  1- 3 |  4- 6 |  7- 9 || total
-------------------------+-------+-------+-------++-------
Melee: Unarmed           |    11 |       |       ||    11
       Dagger            |    76 |     3 |       ||    79
       Club              |     6 |       |       ||     6
       Hand axe          |       |    86 |    48 ||   134
 Cast: Summon Small Mamm |    20 |     9 |     2 ||    31
       Call Imp          |    10 |    18 |     5 ||    33
       Call Canine Famil |       |     4 |     6 ||    10
  Use: Scroll            |     1 |     5 |     3 ||     9
 Stab: Distracted        |     2 |       |     1 ||     3
       Sleeping          |       |     1 |       ||     1
Armor: Robe              |    25 |     2 |       ||    27
       Leather armour    |       |    31 |    10 ||    41
Dodge: Dodged            |    93 |    83 |    27 ||   203
       Repelled          |       |       |     1 ||     1

Table legend: (Time is in decaauts)
 A = Elapsed time spent in this place.
 B = Non-inter-level travel time spent in this place.
 C = Inter-level travel time spent in this place.
 D = Time resting spent in this place.
 E = Time spent auto-exploring this place.
 F = Levels seen in this place.
 G = Mean time per level.
                   A        B        C        D        E       F      G
               +--------+--------+--------+--------+--------+-----+--------+
         Total |   7182 |   6780 |    402 |   3045 |   2458 |   6 | 1197.0 |
       Dungeon |   7138 |   6751 |    387 |   3045 |   2452 |   5 | 1427.6 |
        Temple |     43 |     28 |     15 |      0 |      6 |   1 |   43.0 |
               +--------+--------+--------+--------+--------+-----+--------+

Top non-repeatable levels by time:
     D:2: 1995 daAuts
     D:1: 1861 daAuts
     D:4: 1819 daAuts
     D:5: 733 daAuts
     D:3: 728 daAuts
  Temple: 43 daAuts
